AoeStats
← LaisTakara

Northern Isles

510534157Analyzed
1v1 RM · 17h ago on Oct 1, 2026· 18m 40s· 2 players
Game mode
Random Map
Map size
Tiny (2 player)
Population
200
Speed
Normal
Resources
Standard
Victory
Conquest
Starting age
Dark Age
Ending age
Imperial Age
RankedLock teamsTeams togetherTeam positionsShared explorationLock speedFull tech treeHidden civsTurbo modeCheats
Victory
Defeat
🇪🇸 Italians · Spain
541
+14
🇵🇹 Huns · Portugal
507
-14
LaisTakara
3:14 Loom
14:14 Feudal Age
15:44 Fishing Lines
jmsuarezm1980
11:01 Feudal Age
11:24 Horse Collar
11:32 Double-Bit Axe
18:38 Fishing Lines
21:06 Castle Age
Connection lost

Rejoining the realm…

Still unreachable

The connection could not be restored.

Session expired

The server has moved on; the page needs a fresh start.